 Dungeon Crawl Stone Soup version 0.26-a0-649-gf8c6c3aab7 (webtiles) character file.

Game seed: 813600061835857409

33216 sahdkjhfkaj the Severer (level 13, -12/118 HPs)
             Began as a Hill Orc Fighter on Sept 28, 2020.
             Was an Elder of Beogh.
             Splashed by an oklob plant's acid (16 damage)
             ... on level 5 of the Lair of Beasts.
             The game lasted 00:21:43 (16816 turns).

sahdkjhfkaj the Severer (Hill Orc Fighter)         Turns: 16816, Time: 00:21:43

Health: -12/118    AC:  8    Str: 24    XL:     13   Next: 69%
Magic:  8/28       EV:  6    Int: 11    God:    Beogh [****..]
Gold:   596        SH: 17    Dex: 10    Spells: 12/12 levels left

rFire    + . .     SeeInvis .   P - +2 broad axe "Pudau" {vorpal, *Contam +Rage +Inv}
rCold    . . .     Faith    .   c - +0 kite shield
rNeg     + + +     Spirit   .   l - +0 plate armour
rPois    +         Reflect  +   (no helmet)
rElec    .         Harm     .   h - +2 cloak
rCorr    .         Rampage  .   p - +0 pair of gloves
MR       .....                  (no boots)
Stlth    ..........             Q - amulet of Ymmai {Reflect rPois rN+++ MR- Int+3 SH+5}
HPRegen  0.29/turn              i - ring of protection from magic
MPRegen  0.21/turn              U - ring "Kuutioq" {rF+ MP+9 Slay+2}

@: corroded
A: no striking features
a: Smiting, Recall Orcish Followers, Renounce Religion, Evoke Berserk Rage,
Evoke Invisibility


You were on level 5 of the Lair of Beasts.
You worshipped Beogh.
Beogh was greatly pleased with you.
You visited 2 branches of the dungeon, and saw 16 of its levels.
You also visited: Bailey.

You collected 1274 gold pieces.
You spent 678 gold pieces at shops.

Inventory:

Hand Weapons
 P - the +2 broad axe "Pudau" (weapon) {vorpal, *Contam +Rage +Inv}
   (You bought it in a shop on level 10 of the Dungeon)

   It inflicts extra damage upon your enemies.
   It lets you turn invisible.
   It lets you go berserk.
   It causes magical contamination when unequipped.
Missiles
 b - 5 javelins (quivered)
 v - a throwing net
Armour
 c - a +0 kite shield (worn)
 h - a +2 cloak (worn)
 l - a +0 plate armour (worn)
 p - a +0 pair of gloves (worn)
Jewellery
 e - an uncursed ring of see invisible
 f - an uncursed ring of teleportation
 g - an uncursed amulet of reflection
 i - a ring of protection from magic (left hand)
 m - a +4 ring of evasion
 O - an uncursed ring of protection from cold {unknown}
 Q - the amulet of Ymmai (around neck) {Reflect rPois rN+++ MR- Int+3 SH+5}
   (You found it on level 10 of the Dungeon)

   [amulet of reflection]

   It shields you and reflects attacks.
   It affects your intelligence (+3).
   It protects you from poison.
   It renders you almost immune to negative energy.
   It affects your resistance to hostile enchantments.
   It affects your SH (+5).
 S - an uncursed ring of flight {unknown}
 U - the ring "Kuutioq" (right hand) {rF+ MP+9 Slay+2}
   (You found it on level 1 of the Lair of Beasts)

   [ring of magical power]

   It affects your accuracy and damage with ranged weapons and melee attacks
   (+2).
   It protects you from fire.
   It affects your magic capacity (+9).
 W - an uncursed ring of protection from fire {unknown}
 Y - an uncursed ring of protection from cold {unknown}
Wands
 q - a wand of flame (8)
 E - a wand of polymorph (24)
 J - a wand of random effects (15)
 K - a wand of digging (8)
 L - a wand of paralysis (9)
 R - a wand of iceblast (20)
 V - a wand of disintegration (12)
Scrolls
 a - a scroll of identify
 k - 5 scrolls of enchant weapon
 n - 9 scrolls of remove curse
 s - 3 scrolls of magic mapping
 w - a scroll of amnesia
 D - 6 scrolls of teleportation
 T - a scroll of enchant armour
 X - a scroll of immolation {unknown}
 Z - a scroll of fear
Potions
 d - 2 potions of might
 j - 2 potions of invisibility {unknown}
 o - 5 potions of curing
 r - 4 potions of cancellation {unknown}
 t - 5 potions of heal wounds
 u - 2 potions of berserk rage {unknown}
 x - 4 potions of ambrosia {unknown}
 z - 4 potions of brilliance
 A - 2 potions of lignification {unknown}
 B - 3 potions of flight {unknown}
 C - 4 potions of magic {unknown}
 F - a potion of resistance {unknown}
 G - 2 potions of haste
 H - a potion of stabbing {unknown}
 I - a potion of experience {unknown}
 M - 2 potions of mutation {unknown}
 N - a potion of degeneration {unknown}
Miscellaneous
 y - a condenser vane (2/2)


   Skills:
 + Level 12.1 Fighting
 * Level 16.9 Axes
 + Level 11.1 Armour
 + Level 11.1 Shields
 + Level 8.7 Invocations
 + Level 4.3 Evocations


You had 12 spell levels left.
You didn't know any spells.
Your spell library contained the following spells:

 Spells                   Type           Power        Failure   Level
 Animate Skeleton         Necr           #.....       99%         1
 Beastly Appendage        Tmut           #.....       99%         1
 Pain                     Necr           #...         99%         1
 Sting                    Tmut/Pois      #...         99%         1
 Spider Form              Tmut/Pois      #.........   100%        3
 Vampiric Draining        Necr           #.........   100%        3
 Animate Dead             Necr           #.........   100%        4
 Dispel Undead            Necr           #.......     100%        4
 Agony                    Necr           #.......     100%        5
 Irradiate                Conj/Tmut      #.........   100%        5
 Summon Demon             Summ           #.........   100%        5
 Summon Forest            Summ/Tloc      #.........   100%        5
 Summon Mana Viper        Hex/Summ       #.......     100%        5
 Hydra Form               Tmut           #.........   100%        6
 Shadow Creatures         Summ           N/A          100%        6
 Statue Form              Tmut/Erth      #........    100%        6
 Dragon Form              Tmut           #.........   100%        7
 Malign Gateway           Summ/Tloc      #.........   100%        7
 Monstrous Menagerie      Summ           #.........   100%        7
 Summon Greater Demon     Summ           #.........   100%        7
 Summon Hydra             Summ           #.........   100%        7
 Discord                  Hex            #.........   100%        8
 Disjunction              Tloc           #.........   100%        8
 Summon Horrible Things   Summ           #.........   100%        8


Dungeon Overview and Level Annotations

Branches:
Dungeon (11/15)            Temple (0/1) D:7            Lair (5/6) D:9
  Swamp (0/4) Lair:3        Snake (0/4) Lair:2          Orc (0/2) D:9
 Bailey (visited)
  Slime: Lair:5-6

Altars:
Cheibriados
Dithmenos
Gozag
Hepliaklqana
Kikubaaqudgha
Okawaru
Qazlal
Ru
Vehumet

Shops:
D:6 [!=}!   D:9 (   D:10 *[(

Annotations:
Lair:5 exclusion: 3 oklob plants


Message History

You kill the polar bear!
Beogh accepts your kill. The blink frog hits you!
* * * LOW HITPOINT WARNING * * *
You block the blink frog's attack.
You slash the blink frog!
The blink frog is heavily wounded.
The oklob plant spits acid at you. The splash of acid hits you.
* * * LOW HITPOINT WARNING * * *
The acid corrodes you!
You are splashed with acid!
* * * LOW HITPOINT WARNING * * *
The blink frog hits you.
* * * LOW HITPOINT WARNING * * *
The blink frog blinks!
The oklob plant spits acid at you. The splash of acid hits you!
* * * LOW HITPOINT WARNING * * *
You are splashed with acid!
You die...

..##....####......# #.
........#.##......###.#
...................#.#
.................#F.#####
.......................(?
..........(...........P.$
###.....###.......†...P$P
##....####......†...†..
###....P# ##..o@#†......
#.......# #.....##.#####
###......# #.....# ##
#.##....## ##....#
##......# ##[...##
##.....# #......#
##....#####....##
##......##P.....#
##P.....####....##


You could see 2 oklob plants, a blink frog and the friendly Arbolt the orc
knight (petrified, corroded).

Vanquished Creatures
  An orc warlord (Bailey)
  An entropy weaver (Lair:4)
  The ghost of Luuwnalu the Nimble, a journeyman KoHu of Okawaru (Lair:3)
  3 hydras
  2 two-headed ogres
  A queen ant (Lair:4)
  5 death yaks
  Sonja (Lair:5)
  A skeletal warrior (D:10)
  Pikel (D:7)
  A deep elf mage (D:10)
  A black mamba (Lair:2)
  A torpor snail (Lair:5)
  5 cane toads
  A rime drake (Lair:4)
  A kobold demonologist (D:10)
  2 komodo dragons
  A troll (D:10)
  A polar bear (Lair:5)
  A hornet (D:9)
  2 dream sheep (Lair:4)
  4 blink frogs (Lair:1)
  5 hippogriffs
  A shadow (D:9)
  2 yaks (Lair:2)
  A basilisk (D:9)
  A steam dragon (D:9)
  2 wyverns
  8 soldier ants (Lair:4)
  16 orc warriors
  6 porcupines
  3 water moccasins
  5 ice beasts
  4 sky beasts
  6 phantoms
  2 black bears (D:9)
  7 centaurs
  5 ogres
  2 lemures (D:7)
  4 crocodiles
  6 big kobolds
  8 bullfrogs
  12 killer bees
  A troll zombie (D:9)
  9 wights (D:9)
  4 howler monkeys
  5 electric eels (D:10)
  2 centaur zombies
  A quasit (D:6)
  6 hounds
  A jelly (D:7)
  A centaur skeleton (D:4)
  A bullfrog skeleton (D:10)
  3 orc wizards
  An iguana (D:5)
  4 orc priests
  14 worker ants
  7 ogre zombies (D:9)
  A hound zombie (D:5)
  A howler monkey zombie (D:5)
  A worker ant zombie (D:9)
  30 gnolls
  11 adders
  3 white imps
  2 ufetubi
  An ooze (D:3)
  3 adder skeletons
  An adder zombie (D:5)
  5 worms
  2 dart slugs
  9 leopard geckos
  24 orcs
  3 giant cockroaches
  46 goblins
  42 hobgoblins
  4 jackals (D:3)
  13 kobolds
  3 quokkas
  A ball python (D:3)
  A ball python zombie (D:5)
  6 bats
  5 frilled lizards
  2 goblin zombies (D:9)
  2 hobgoblin zombies (D:9)
  A jackal skeleton (D:4)
  5 orc skeletons (D:9)
  16 orc zombies (D:9)
  A quokka skeleton (D:4)
  9 rats
458 creatures vanquished.

Vanquished Creatures (collateral kills)
  An entropy weaver (Lair:4)
  3 death yaks
  3 cane toads
  A gargoyle (D:10)
  2 komodo dragons
  A bog body (Lair:3)
  A blink frog (Lair:1)
  3 hippogriffs
  3 dream sheep (Lair:4)
  A wyvern (Lair:3)
  A yak (Lair:2)
  A basilisk (Lair:5)
  5 water moccasins
  11 soldier ants (Lair:4)
  2 porcupines (Lair:1)
  3 crocodiles
  3 bullfrogs
  A wyvern skeleton (D:10)
  6 worker ants
  An orc (D:10)
  4 kobolds (D:10)
  A quokka (D:10)
  3 butterflies
61 creatures vanquished.

Vanquished Creatures (others)
  An orc priest (D:8)
  An orc (D:8)
  11 fungi
  15 plants
28 creatures vanquished.

Grand Total: 547 creatures vanquished

Notes
Turn   | Place    | Note
-------+----------+-------------------------------------------
     0 | D:1      | sahdkjhfkaj the Hill Orc Fighter began the quest for the
                  | Orb.
     0 | D:1      | Reached XP level 1. HP: 19/19 MP: 1/1
   225 | D:1      | Reached skill level 3 in Axes
   237 | D:1      | Reached XP level 2. HP: 27/27 MP: 2/2
  1200 | D:2      | Reached XP level 3. HP: 33/33 MP: 3/3
  1341 | D:2      | Reached skill level 4 in Axes
  1341 | D:2      | Reached XP level 4. HP: 35/40 MP: 4/4
  1839 | D:2      | Reached XP level 5. HP: 35/47 MP: 5/5
  2130 | D:3      | Found a stormy altar of Qazlal.
  2424 | D:3      | Reached skill level 5 in Axes
  2579 | D:3      | Reached XP level 6. HP: 50/55 MP: 6/6
  2693 | D:3      | Reached skill level 5 in Fighting
  2967 | D:3      | Reached skill level 6 in Axes
  2977 | D:3      | Reached XP level 7. HP: 53/61 MP: 7/7
  2997 | D:3      | Reached skill level 7 in Axes
  2997 | D:3      | Reached skill level 5 in Armour
  2997 | D:3      | Reached skill level 5 in Shields
  3890 | D:4      | Reached XP level 8. HP: 70/70 MP: 8/8
  4250 | D:4      | Reached skill level 8 in Axes
  4403 | D:5      | Entered Level 5 of the Dungeon
  5057 | D:5      | Reached skill level 9 in Axes
  5337 | D:5      | Found a sacrificial altar of Ru.
  5347 | D:5      | Noticed a two-headed ogre
  5354 | D:5      | Killed a two-headed ogre
  5354 | D:5      | Reached skill level 10 in Axes
  5354 | D:5      | Reached XP level 9. HP: 79/79 MP: 9/9
  5631 | D:5      | Found a sacrificial altar of Ru.
  5989 | D:6      | Identified the Handbook of Ghastly Transformation
  6013 | D:6      | Found Mavina's Distillery.
  6029 | D:6      | Found Udakej's Gadget Shoppe.
  6039 | D:6      | Bought a condenser vane (2/2) for 260 gold pieces
  6043 | D:6      | Found Xipp's Jewellery Boutique.
  6178 | D:6      | Found Louthrop's Distillery.
  6520 | D:6      | Found Jaujara's Antique Armour Shop.
  6640 | D:7      | Found a staircase to the Ecumenical Temple.
  6655 | D:7      | Reached skill level 11 in Axes
  6675 | D:7      | Found a flagged portal.
  6689 | D:7      | Noticed Pikel
  6692 | Bailey   | Entered a bailey
  6856 | Bailey   | Reached XP level 10. HP: 82/88 MP: 10/10
  7229 | Bailey   | Noticed an orc warlord
  7242 | Bailey   | Reached skill level 12 in Axes
  7258 | Bailey   | Killed an orc warlord
  7631 | Bailey   | Identified a scroll of acquirement
  7631 | Bailey   | Acquired a +5 vampiric war axe
  7664 | D:7      | Killed Pikel
  7933 | D:7      | Found a faded altar of an unknown god.
  7933 | D:7      | Found a snail-covered altar of Cheibriados.
  7945 | D:7      | Found a hazy altar of Hepliaklqana.
  7947 | D:7      | Found a shadowy altar of Dithmenos.
  7948 | D:7      | Found a faded altar of an unknown god.
  8158 | D:8      | Reached skill level 13 in Axes
  8190 | D:8      | Became a worshipper of Beogh the Brigand
  8226 | D:8      | Found an opulent altar of Gozag.
  8622 | D:9      | Reached XP level 11. HP: 92/97 MP: 11/11
  8653 | D:9      | Reached skill level 1 in Invocations
  8654 | D:9      | Reached * piety under Beogh
  8693 | D:9      | Found a staircase to the Lair.
  8889 | D:9      | Found an iron altar of Okawaru.
  8905 | D:9      | Reached ** piety under Beogh
  8911 | D:9      | Found a staircase to the Orcish Mines.
  8928 | D:9      | Reached skill level 10 in Fighting
  9037 | D:9      | Found Obbaca's Antique Weapon Emporium.
  9186 | D:9      | Reached skill level 14 in Axes
  9228 | D:9      | Reached *** piety under Beogh
  9530 | D:9      | Found a radiant altar of Vehumet.
  9827 | D:9      | Found an ancient bone altar of Kikubaaqudgha.
  9996 | D:10     | Entered Level 10 of the Dungeon
 10765 | D:10     | Noticed a skeletal warrior
 10765 | D:10     | Noticed a two-headed ogre
 10770 | D:10     | Killed a two-headed ogre
 10781 | D:10     | Killed a skeletal warrior
 10802 | D:10     | Noticed a deep elf mage
 10811 | D:10     | Killed a deep elf mage
 10832 | D:10     | Identified The Arcane Secrets of Theurgy
 10872 | D:10     | Found Acoleboh's Weapon Shop.
 10883 | D:10     | Bought the +2 broad axe "Pudau" {vorpal, *Contam +Rage
                  | +Inv} for 418 gold pieces
 10951 | D:10     | Found Uhiaf's Antique Armour Shoppe.
 10978 | D:10     | Reached skill level 5 in Invocations
 10981 | D:10     | Reached XP level 12. HP: 101/108 MP: 15/15
 11026 | D:10     | Got a coiled graven amulet
 11084 | D:10     | Reached **** piety under Beogh
 11099 | D:10     | Got a jewelled chain mail
 11109 | D:10     | Identified the cursed +0 chain mail of the Exiled Suns
                  | {rN+} (You found it on level 10 of the Dungeon)
 11431 | D:10     | Found Inlo Veq's General Store.
 11895 | Lair:1   | Entered Level 1 of the Lair of Beasts
 11916 | Lair:1   | You fall into a shaft and drop 1 floor!
 11986 | Lair:2   | Found a staircase to the Snake Pit.
 12227 | Lair:2   | Reached skill level 15 in Axes
 12227 | Lair:2   | Gained Arbolt as an ally
 12467 | Lair:1   | Reached skill level 10 in Armour
 12482 | Lair:1   | Reached skill level 10 in Shields
 12771 | Lair:1   | Got a steaming silver ring
 13230 | Lair:1   | Identified the amulet of Ymmai {Reflect rPois rN+++ MR-
                  | Int+3 SH+5} (You found it on level 10 of the Dungeon)
 13596 | Lair:3   | Found a staircase to the Swamp.
 13600 | Lair:3   | Reached skill level 1 in Evocations
 13819 | Lair:3   | Found a runed translucent door.
 13819 | Lair:3   | Noticed Luuwnalu's ghost (journeyman KoHu)
 13990 | Lair:3   | Killed Luuwnalu's ghost
 14290 | Lair:4   | Noticed an eight-headed hydra
 14298 | Lair:4   | Killed an eight-headed hydra
 14507 | Lair:4   | Noticed a death yak
 14507 | Lair:4   | Noticed a death yak
 14509 | Lair:4   | Noticed a death yak
 14517 | Lair:4   | Killed a death yak
 14519 | Lair:4   | Killed a death yak
 14526 | Lair:4   | Killed a death yak
 14651 | Lair:4   | Reached skill level 16 in Axes
 14707 | Lair:4   | Reached XP level 13. HP: 116/116 MP: 18/18
 14980 | Lair:4   | Noticed an entropy weaver
 14987 | Lair:4   | Noticed an entropy weaver
 14998 | Lair:4   | Killed an entropy weaver
 15477 | Lair:4   | Killed an entropy weaver
 15507 | Lair:4   | Reached ***** piety under Beogh
 15624 | Lair:4   | Identified the ring "Kuutioq" {rF+ MP+9 Slay+2} (You found
                  | it on level 1 of the Lair of Beasts)
 15905 | Lair:5   | Noticed Sonja
 15906 | Lair:5   | Killed Sonja
 16816 | Lair:5   | HP: 4/118 [oklob plant/splash of acid (11)]
 16816 | Lair:5   | Splashed by an oklob plant's acid

Illustrated notes

Levels and vault maps discovered:
D:1:      ncdulo_halloftheorcs, layout_basic
D:2:      layout_basic, hangedman_feature_mirror, st_stairs_5
D:3:      minmay_goblin_kobold_castle, layout_rooms,
          nicolae_qazlal_eye_of_the_storm
D:4:      layout_loops_cross
D:5:      layout_cave_pools, old_standard_altar, due_unseen_surprise
D:6:      layout_basic, serial_shops, shop, shop, nicolae_shop_statue_plus,
          nicolae_shop_statue_plus, nicolae_shop_trees
D:7:      layout_rooms, chequers_temple_overflow_minitemple,
          minmay_temple_entry_grid, enter_bailey_2, uniq_pikel
D:8:      layout_basic, grunt_gozag_statues
D:9:      layout_basic, grunt_temple_overflow_open,
          lemuel_coloured_pillars_altar, erik_lair_dragon, zombieorc2_lemuel,
          serial_shops, kennysheep_little_box, st_stairs_3
D:10:     minmay_the_grid_plus_closed [minmay_the_grid_paths,
          minmay_the_grid_slots, minmay_the_grid_tiny_cups,
          minmay_the_grid_diamond_grid,
          minmay_the_grid_prize_four_corners_diamond_a], layout_basic,
          serial_shops, nicolae_shop_behind_doors, nicolae_shop_behind_doors,
          shop, minmay_hedge_maze
D:11:     hangedman_cross_stitches, layout_basic
Lair:1:   layout_regular_city, st_stairs_8
Lair:2:   layout_loops_ring, dummy_snake_entry, grunt_megastairs_4,
          lemuel_fruit_fields, lemuel_fruit_tree
Lair:3:   layout_chaotic_city, skrybe_swamp_entry_bodies,
          hellmonk_ghost_happy_afterlife
Lair:4:   layout_hall_layers, zaba_antful_of_joy
Lair:5:   layout_long_grid, serial_bayou_shore_b, minmay_lair_oklob_chamber,
          uniq_sonja

Skill      XL: |  1  2  3  4  5  6  7  8  9 10 11 12 13 |
---------------+----------------------------------------+-----
Axes           | 3 4 5 6 7 10 11 13 14 16 | 16.9
Fighting       | 4 5 6 7 8 9 10 11 12 | 12.1
Shields        | 4 5 6 7 8 9 10 11 | 11.1
Armour         | 4 5 6 7 8 9 10 11 | 11.1
Invocations    | 5 7 8 |  8.7
Evocations     | 2 4 |  4.3

Action                   |  1- 3 |  4- 6 |  7- 9 | 10-12 | 13-15 || total
-------------------------+-------+-------+-------+-------+-------++-------
Melee: War axe           |    87 |   229 |   357 |   430 |       ||  1103
       Broad axe         |       |       |       |   165 |   126 ||   291
Throw: Throwing net      |       |       |     1 |       |       ||     1
Invok: Convert to Beogh  |       |       |       |     1 |       ||     1
       Smiting           |       |       |       |     5 |     8 ||    13
       Recall Orcish Fol |       |       |       |     2 |       ||     2
Evoke: Condenser vane    |       |       |       |     1 |       ||     1
       Wand              |       |       |       |     8 |     1 ||     9
  Use: Scroll            |       |       |     6 |    13 |     6 ||    25
       Potion            |       |       |     1 |     1 |     2 ||     4
 Stab: Held in net/web   |       |       |     1 |       |       ||     1
       Confused          |       |       |       |     6 |       ||     6
       Distracted        |       |       |       |     3 |     2 ||     5
Armor: Scale mail        |     5 |       |       |       |       ||     5
       Chain mail        |    45 |   169 |   159 |    24 |       ||   397
       Plate armour      |       |       |       |   141 |    45 ||   186
Dodge: Dodged            |    20 |    49 |    65 |   123 |    35 ||   292
Block: Kite shield       |    49 |   138 |   261 |   446 |   118 ||  1012
       Reflection        |       |       |     5 |    12 |     1 ||    18

Table legend: (Time is in decaauts)
 A = Elapsed time spent in this place.
 B = Non-inter-level travel time spent in this place.
 C = Inter-level travel time spent in this place.
 D = Time resting spent in this place.
 E = Time spent auto-exploring this place.
 F = Levels seen in this place.
 G = Mean time per level.
                   A        B        C        D        E       F      G
               +--------+--------+--------+--------+--------+-----+--------+
         Total |  16890 |  15936 |    954 |   1308 |  11900 |  17 |  993.5 |
       Dungeon |  11051 |  10263 |    788 |    331 |   7898 |  11 | 1004.6 |
          Lair |   4880 |   4715 |    165 |    977 |   3283 |   5 |  976.0 |
        Bailey |    958 |    958 |      0 |      0 |    718 |   1 |  958.0 |
               +--------+--------+--------+--------+--------+-----+--------+

Top non-repeatable levels by time:
     D:9: 1805 daAuts
     D:3: 1646 daAuts
    D:10: 1512 daAuts
  Lair:4: 1431 daAuts
     D:5: 1274 daAuts
     D:1: 1207 daAuts
  Lair:5: 1068 daAuts
     D:4: 1024 daAuts
     D:2: 979 daAuts
  Bailey: 958 daAuts
  Lair:2: 846 daAuts
  Lair:1: 829 daAuts
  Lair:3: 705 daAuts
     D:6: 635 daAuts
     D:7: 565 daAuts
